MWL
APPLETON FOXES @ WISCONSIN RAPIDS TIMBER RATTLERS
05/06/1981
 
TOP OF THE 1ST
Appleton Foxes batting - Pitching for Wisconsin Rapids Timber Rattlers : RHP Julian Solorzano
Pitching: RHP Julian Solorzano
Batting: LHB John Csefalvay 0-0: Called Strike
0-1: Called Strike
0-2: Strikes out looking
Batting: RHB George Hinshaw 0-0: Ball
1-0: Bunt missed!
1-1: Ball
2-1: Foul Ball, location: 2F
2-2: Ground out 6-3 (Groundball, 6, EV 91.3 MPH)
Batting: LHB Tim Knight 0-0: Ball
1-0: SINGLE (Line Drive, 4M, EV 97.5 MPH)
Batting: RHB Douglas Lulay 0-0: Called Strike
0-1: Ball
1-1: Ball
2-1: Foul Ball, location: 2F
2-2: Foul Ball, location: 2F
2-2: Strikes out swinging, 2-3 out at first.
Top of the 1st over - 0 runs, 1 hit, 0 errors, 1 left on base; Appleton 0 - Wisconsin Rapids 0
BOTTOM OF THE 1ST
Wisconsin Rapids Timber Rattlers batting - Pitching for Appleton Foxes : RHP Timothy Bannister
Pitching: RHP Timothy Bannister
Batting: RHB Tom Howser 0-0: Called Strike
0-1: Called Strike
0-2: Ball
1-2: Ball
2-2: Strikes out looking
Batting: LHB Richard Berg 0-0: Ball
1-0: Ball
2-0: Called Strike
2-1: Fly out, F9 (Flyball, 9, EV 82.5 MPH)
Batting: RHB Vincent Bienek 0-0: Ball
1-0: SOLO HOME RUN (Line Drive, 9D, EV 98.8 MPH), Distance : 367 ft
Batting: RHB Bill Worden 0-0: Called Strike
0-1: Foul Ball, location: 2F
0-2: Ground out 6-3 (Groundball, 56, EV 101.3 MPH)
Bottom of the 1st over - 1 run, 1 hit, 0 errors, 0 left on base; Appleton 0 - Wisconsin Rapids 1
TOP OF THE 2ND
Appleton Foxes batting - Pitching for Wisconsin Rapids Timber Rattlers : RHP Julian Solorzano
Batting: RHB Rick Stromer 0-0: Ball
1-0: Ball
2-0: Foul Ball, location: 2F
2-1: Fly out, F9 (Flyball, 89M, EV 86.9 MPH)
Batting: SHB Matt Gallegos 0-0: Swinging Strike
0-1: Ball
1-1: Swinging Strike
1-2: Fly out, F8 (Line Drive, 8RD, EV 103.1 MPH)
Batting: RHB Peter Rowe 0-0: Called Strike
0-1: Ball
1-1: Ground out 3-1 (Groundball, 34, EV 80.6 MPH)
Top of the 2nd over - 0 runs, 0 hits, 0 errors, 0 left on base; Appleton 0 - Wisconsin Rapids 1
BOTTOM OF THE 2ND
Wisconsin Rapids Timber Rattlers batting - Pitching for Appleton Foxes : RHP Timothy Bannister
Batting: LHB Jerry George 0-0: Called Strike
0-1: Ball
1-1: Foul Ball, location: 2F
1-2: Ball
2-2: Foul Ball, location: 2F
2-2: DOUBLE (Flyball, 8RXD, EV 103.8 MPH)
Batting: LHB Steve Macko 0-0: Ball
1-0: Called Strike
1-1: Ball
2-1: Fly out, F8 (Flyball, 8RS, EV 88.8 MPH)
Batting: RHB Charles Stafford 0-0: Ball
1-0: Ball
Wild Pitch!
Jerry George to third
2-0: Ball
3-0: Called Strike
3-1: Base on Balls
Batting: LHB Curtis Morgan 0-0: Foul Ball, location: 2F
0-1: Swinging Strike
0-2: Ball
1-2: Ball
2-2: Foul Ball, location: 2F
2-2: Foul Ball, location: 2F
2-2: Foul Ball, location: 2F
2-2: TRIPLE (Flyball, 89XD, EV 106.3 MPH)
Jerry George scores
Charles Stafford scores
Batting: RHB Kelvin Chapman 0-0: Foul Ball, location: 2F
0-1: Ball
1-1: Ball
2-1: Ground out U3 (Groundball, 34, EV 105.0 MPH)
Curtis Morgan scores
Batting: RHB Tom Howser 0-0: Called Strike
0-1: Ground out 1-3 (Groundball, P, EV 61.9 MPH)
Bottom of the 2nd over - 3 runs, 2 hits, 0 errors, 0 left on base; Appleton 0 - Wisconsin Rapids 4
TOP OF THE 3RD
Appleton Foxes batting - Pitching for Wisconsin Rapids Timber Rattlers : RHP Julian Solorzano
Batting: RHB Thomas Norko 0-0: Ground out 4-3 (Groundball, 4, EV 82.5 MPH)
Batting: RHB Philip Sutton 0-0: Called Strike
0-1: Foul Ball, location: 2F
0-2: Strikes out looking
Pitching: RHP Steve Brown
Batting: LHB John Csefalvay 0-0: Ball
1-0: Ball
2-0: Ball
3-0: Called Strike
3-1: Ground out 4-3 (Groundball, 4D, EV 101.9 MPH)
Top of the 3rd over - 0 runs, 0 hits, 0 errors, 0 left on base; Appleton 0 - Wisconsin Rapids 4
BOTTOM OF THE 3RD
Wisconsin Rapids Timber Rattlers batting - Pitching for Appleton Foxes : RHP Timothy Bannister
Batting: LHB Richard Berg 0-0: Ball
1-0: Ball
2-0: Ball
3-0: Called Strike
3-1: Ground out U3 (Groundball, 3, EV 104.4 MPH)
Batting: RHB Vincent Bienek 0-0: Called Strike
0-1: Ground out 4-3 (Groundball, 34, EV 90.6 MPH)
Batting: RHB Bill Worden 0-0: Called Strike
0-1: Ball
1-1: Ground out 3-1 (Groundball, 34S, EV 85.0 MPH)
Bottom of the 3rd over - 0 runs, 0 hits, 0 errors, 0 left on base; Appleton 0 - Wisconsin Rapids 4
TOP OF THE 4TH
Appleton Foxes batting - Pitching for Wisconsin Rapids Timber Rattlers : RHP Steve Brown
Batting: RHB George Hinshaw 0-0: Ball
1-0: Ball
2-0: Called Strike
2-1: SINGLE (Line Drive, 56, EV 106.3 MPH)
Batting: LHB Tim Knight 0-0: Ball
1-0: Fielders Choice at 2nd, 3-6 (Groundball, 3S, EV 85.6 MPH)
Batting: RHB Douglas Lulay 0-0: Ball
1-0: SINGLE (Groundball, 6MD, EV 105.0 MPH)
Tim Knight to second
Runner from 2nd tries for 3rd, OUT! 8-5
Batting: RHB Rick Stromer 0-0: Called Strike
0-1: Swinging Strike
0-2: Ball
1-2: Ball
2-2: Ball
3-2: Base on Balls
Douglas Lulay to second
Batting: SHB Matt Gallegos 0-0: Ball
1-0: Called Strike
1-1: Foul Ball, location: 2F
1-2: Ball
2-2: Foul Ball, location: 2F
2-2: Ground out 4-3 (Groundball, 34, EV 90.0 MPH)
Top of the 4th over - 0 runs, 2 hits, 0 errors, 2 left on base; Appleton 0 - Wisconsin Rapids 4
BOTTOM OF THE 4TH
Wisconsin Rapids Timber Rattlers batting - Pitching for Appleton Foxes : RHP Timothy Bannister
Batting: LHB Jerry George 0-0: Swinging Strike
0-1: Foul Ball, location: 2F
0-2: Ball
1-2: Ball
2-2: Foul Ball, location: 2F
2-2: Fly out, F7 (Flyball, 78M, EV 93.8 MPH)
Batting: LHB Steve Macko 0-0: Swinging Strike
0-1: Ground out 1-3 (Groundball, 13S, EV 66.3 MPH)
Batting: RHB Charles Stafford 0-0: Ball
1-0: Ball
2-0: Ball
3-0: Called Strike
3-1: Base on Balls
Batting: LHB Curtis Morgan 0-0: Ball
1-0: Ball
2-0: Called Strike
2-1: Called Strike
Charles Stafford steals 2nd base
2-2: Foul Ball, location: 2F
2-2: 2-RUN HOME RUN (Line Drive, 7LD, EV 106.3 MPH), Distance : 357 ft
Pitching: RHP John McGuckin
Batting: RHB Kelvin Chapman 0-0: SINGLE (Line Drive, 56D, EV 94.4 MPH)
Batting: RHB Tom Howser 0-0: Ball
1-0: Ball
Kelvin Chapman steals 2nd base
2-0: Ground out 5-3 (Groundball, 56S, EV 82.5 MPH)
Bottom of the 4th over - 2 runs, 2 hits, 0 errors, 1 left on base; Appleton 0 - Wisconsin Rapids 6
TOP OF THE 5TH
Appleton Foxes batting - Pitching for Wisconsin Rapids Timber Rattlers : RHP Steve Brown
Batting: RHB Peter Rowe 0-0: Called Strike
0-1: Ground out U3 (Groundball, 34, EV 98.1 MPH)
Batting: RHB Thomas Norko 0-0: Ball
1-0: Called Strike
1-1: Foul Ball, location: 2F
1-2: DOUBLE (Line Drive, 89M, EV 102.5 MPH)
Batting: RHB Philip Sutton 0-0: Ball
1-0: Swinging Strike
1-1: Ball
2-1: Called Strike
2-2: Strikes out swinging
Batting: LHB John Csefalvay 0-0: Ball
1-0: Ground out 5-3 (Groundball, 5S, EV 69.4 MPH)
Top of the 5th over - 0 runs, 1 hit, 0 errors, 1 left on base; Appleton 0 - Wisconsin Rapids 6
BOTTOM OF THE 5TH
Wisconsin Rapids Timber Rattlers batting - Pitching for Appleton Foxes : RHP John McGuckin
Batting: LHB Richard Berg 0-0: Ball
1-0: Ground out 4-3 (Groundball, 34D, EV 104.4 MPH)
Batting: RHB Vincent Bienek 0-0: Ball
1-0: Ball
2-0: Called Strike
2-1: Ball
3-1: Base on Balls
Batting: RHB Bill Worden 0-0: Called Strike
0-1: Fly out, F9 (Flyball, 9LS, EV 81.9 MPH)
Batting: LHB Jerry George 0-0: Ball
1-0: Ball
2-0: Ball
3-0: Base on Balls
Vincent Bienek to second
Batting: LHB Steve Macko 0-0: Fly out, F6 (Flyball, 56D, EV 85.0 MPH)
Bottom of the 5th over - 0 runs, 0 hits, 0 errors, 2 left on base; Appleton 0 - Wisconsin Rapids 6
TOP OF THE 6TH
Appleton Foxes batting - Pitching for Wisconsin Rapids Timber Rattlers : RHP Steve Brown
Batting: RHB George Hinshaw 0-0: SINGLE (Groundball, 56D, EV 106.3 MPH)
Batting: LHB Tim Knight 0-0: Ball
1-0: Ball
2-0: Ball
3-0: Called Strike
3-1: Called Strike
3-2: Foul Ball, location: 2F
3-2: Foul Ball, location: 2F
3-2: Base on Balls
George Hinshaw to second
Batting: RHB Douglas Lulay 0-0: Called Strike
0-1: Called Strike
0-2: Ball
1-2: Ball
2-2: Ball
3-2: Strikes out looking
Pitching: RHP Michael Roberts
Batting: RHB Rick Stromer 0-0: Ball
1-0: Grounds into double play, 6-4-3 (Groundball, 6, EV 83.1 MPH)
Top of the 6th over - 0 runs, 1 hit, 0 errors, 1 left on base; Appleton 0 - Wisconsin Rapids 6
BOTTOM OF THE 6TH
Wisconsin Rapids Timber Rattlers batting - Pitching for Appleton Foxes : RHP John McGuckin
Batting: RHB Charles Stafford 0-0: Ground out U3 (Groundball, 34, EV 89.4 MPH)
Batting: LHB Curtis Morgan 0-0: Swinging Strike
0-1: Reached on error, E1 (Groundball, 13, EV 80.6 MPH)
Batting: RHB Kelvin Chapman 0-0: Grounds into double play, 5-4-3 (Groundball, 56S, EV 90.6 MPH)
Bottom of the 6th over - 0 runs, 0 hits, 1 error, 0 left on base; Appleton 0 - Wisconsin Rapids 6
TOP OF THE 7TH
Appleton Foxes batting - Pitching for Wisconsin Rapids Timber Rattlers : RHP Michael Roberts
Batting: SHB Matt Gallegos 0-0: Ball
1-0: Foul Ball, location: 2F
1-1: Ball
2-1: Foul Ball, location: 2F
2-2: Ball
3-2: Base on Balls
Batting: RHB Peter Rowe 0-0: Foul Ball, location: 2F
0-1: SINGLE (Groundball, 4D, EV 97.5 MPH)
Matt Gallegos to second
Runner from 2nd tries for 3rd, SAFE, throw by CF made to third
Batting: RHB Thomas Norko 0-0: SINGLE (Groundball, 56D, EV 100.0 MPH)
Matt Gallegos scores
Peter Rowe to second
Batting: RHB Philip Sutton 0-0: Foul Ball, location: 2F
0-1: Ball
1-1: Called Strike
1-2: Ball
2-2: Fly out, F9 (Flyball, 9, EV 90.0 MPH)
Batting: LHB John Csefalvay 0-0: Called Strike
0-1: Called Strike
0-2: Foul Ball, location: 2F
0-2: Strikes out swinging
Batting: RHB George Hinshaw 0-0: SINGLE (Flyball, 8RS, EV 95.0 MPH)
Peter Rowe to third
Thomas Norko to second
Runner from 3rd tries for Home, SAFE, no throw by CF
Batting: LHB Tim Knight 0-0: Foul Ball, location: 2F
0-1: DOUBLE (Line Drive, 7LM, EV 111.3 MPH)
Thomas Norko scores
George Hinshaw to third
Runner from 3rd tries for Home, SAFE, no throw by LF
Pitching: RHP Roger Begue
Batting: RHB Douglas Lulay 0-0: Ball
1-0: Swinging Strike
1-1: Called Strike
1-2: 2-RUN HOME RUN (Flyball, 7D, EV 94.4 MPH), Distance : 382 ft
Batting: RHB Rick Stromer 0-0: Ball
1-0: Ball
2-0: Fly out, F7 (Flyball, 78D, EV 102.5 MPH)
Top of the 7th over - 6 runs, 5 hits, 0 errors, 0 left on base; Appleton 6 - Wisconsin Rapids 6
BOTTOM OF THE 7TH
Wisconsin Rapids Timber Rattlers batting - Pitching for Appleton Foxes : RHP John McGuckin
Batting: RHB Tom Howser 0-0: Foul Ball, location: 2F
0-1: Ball
1-1: Foul Ball, location: 2F
1-2: Ball
2-2: Ball
3-2: Foul Ball, location: 2F
3-2: Foul Ball, location: 2F
3-2: Foul Ball, location: 2F
3-2: SINGLE (Line Drive, 89S, EV 107.5 MPH)
Batting: LHB Richard Berg 0-0: Called Strike
Tom Howser steals 2nd, throwing error, E2
Tom Howser to third
0-1: Foul Ball, location: 2F
0-2: Ball
1-2: Foul Ball, location: 2F
1-2: Ball
2-2: Fly out, F9 (Line Drive, 9, EV 95.0 MPH)
Runner from 3rd tags up, OUT at HOME! 9-2
Batting: RHB Vincent Bienek 0-0: Ball
1-0: SINGLE (Line Drive, 4MD, EV 95.0 MPH)
Batting: RHB Bill Worden 0-0: Ball
1-0: Called Strike
1-1: Ground out 4-3 (Groundball, 4MS, EV 93.1 MPH)
Bottom of the 7th over - 0 runs, 2 hits, 1 error, 1 left on base; Appleton 6 - Wisconsin Rapids 6
TOP OF THE 8TH
Appleton Foxes batting - Pitching for Wisconsin Rapids Timber Rattlers : RHP Roger Begue
Batting: SHB Matt Gallegos 0-0: Ball
1-0: Ball
2-0: Called Strike
2-1: Ball
3-1: Called Strike
3-2: Fly out, F8 (Flyball, 89D, EV 98.1 MPH)
Batting: RHB Peter Rowe 0-0: SINGLE (Line Drive, 7S, EV 99.4 MPH)
Batting: RHB Thomas Norko 0-0: Ball
1-0: Called Strike
1-1: Ball
2-1: Ball
Wild Pitch!
Peter Rowe to second
3-1: Intentional Walk
Batting: RHB Philip Sutton 0-0: Called Strike
0-1: Fly out, F4 (Popup, 4S, EV 76.3 MPH)
Batting: LHB John Csefalvay 0-0: Ball
1-0: Called Strike
1-1: Ball
2-1: Ground out 4-3 (Groundball, 34D, EV 102.5 MPH)
Top of the 8th over - 0 runs, 1 hit, 0 errors, 2 left on base; Appleton 6 - Wisconsin Rapids 6
BOTTOM OF THE 8TH
Wisconsin Rapids Timber Rattlers batting - Pitching for Appleton Foxes : RHP John McGuckin
Batting: LHB Jerry George 0-0: Called Strike
0-1: Ball
1-1: Foul Ball, location: 2F
1-2: SINGLE (Groundball, 34D, EV 102.5 MPH)
Pitching: RHP Frederick Atkins
Batting: LHB Steve Macko 0-0: Fly out, F6 (Line Drive, 6, EV 64.4 MPH)
Batting: RHB Charles Stafford 0-0: Swinging Strike
0-1: Swinging Strike
0-2: Ball
Passed Ball!
Jerry George to second
1-2: Fly out, F9 (Line Drive, 9D, EV 97.5 MPH)
Batting: LHB Curtis Morgan 0-0: Called Strike
0-1: Called Strike
0-2: Strikes out looking
Bottom of the 8th over - 0 runs, 1 hit, 0 errors, 1 left on base; Appleton 6 - Wisconsin Rapids 6
TOP OF THE 9TH
Appleton Foxes batting - Pitching for Wisconsin Rapids Timber Rattlers : RHP Roger Begue
Pitching: RHP Garry Grafton
Batting: RHB George Hinshaw 0-0: Fly out, F7 (Flyball, 78S, EV 86.3 MPH)
Batting: LHB Tim Knight 0-0: Ball
1-0: Ground out U3 (Groundball, 3, EV 82.5 MPH)
Batting: RHB Douglas Lulay 0-0: Called Strike
0-1: Fly out, F8 (Flyball, 78M, EV 95.0 MPH)
Top of the 9th over - 0 runs, 0 hits, 0 errors, 0 left on base; Appleton 6 - Wisconsin Rapids 6
BOTTOM OF THE 9TH
Wisconsin Rapids Timber Rattlers batting - Pitching for Appleton Foxes : RHP Frederick Atkins
Pinch Hitting: LHB Jimmy Hickman 0-0: Ball
1-0: Called Strike
1-1: SINGLE (Groundball, 4M, EV 101.9 MPH) (infield hit)
Batting: RHB Tom Howser 0-0: Ball
1-0: Swinging Strike
1-1: Ball
2-1: Called Strike
Jimmy Hickman steals 2nd base
2-2: Ball
3-2: Foul Ball, location: 2F
3-2: SINGLE (Groundball, 4D, EV 110.6 MPH)
Jimmy Hickman to third
Batting: LHB Richard Berg 0-0: Ball
1-0: Called Strike
1-1: Called Strike
Tom Howser steals 2nd base (no throw)
1-2: Fly out, F8 (Flyball, 78M, EV 92.5 MPH)
Runner from 3rd tags up, OUT at HOME! 8-2
Tom Howser to third
Batting: RHB Vincent Bienek 0-0: Called Strike
0-1: Swinging Strike
0-2: Fly out, F8 (Flyball, 8RD, EV 86.3 MPH)
Bottom of the 9th over - 0 runs, 2 hits, 0 errors, 1 left on base; Appleton 6 - Wisconsin Rapids 6
TOP OF THE 10TH
Appleton Foxes batting - Pitching for Wisconsin Rapids Timber Rattlers : RHP Garry Grafton
Now at SS: Guy Sularz
Batting: RHB Rick Stromer 0-0: Ball
1-0: Ball
2-0: Called Strike
2-1: Fly out, F9 (Line Drive, 9S, EV 85.0 MPH)
Batting: SHB Matt Gallegos 0-0: Ball
1-0: Ground out U3 (Groundball, 34, EV 99.4 MPH)
Batting: RHB Peter Rowe 0-0: Ball
1-0: Swinging Strike
1-1: Called Strike
1-2: SINGLE (Groundball, 56D, EV 100.0 MPH)
Batting: RHB Thomas Norko 0-0: Ball
1-0: Called Strike
1-1: Called Strike
1-2: Ball
2-2: Foul Ball, location: 2F
2-2: Foul Ball, location: 2F
2-2: Fielders Choice at 2nd, 6-4 (Groundball, 6, EV 100.6 MPH)
Top of the 10th over - 0 runs, 1 hit, 0 errors, 1 left on base; Appleton 6 - Wisconsin Rapids 6
BOTTOM OF THE 10TH
Wisconsin Rapids Timber Rattlers batting - Pitching for Appleton Foxes : RHP Frederick Atkins
Pitching: RHP Carlos Garcia
Pinch Hitting: LHB Jeff Kenaga 0-0: Called Strike
0-1: Ball
1-1: Fly out, F8 (Flyball, 8RD, EV 97.5 MPH)
Batting: LHB Jerry George 0-0: Ball
1-0: Foul Ball, location: 2F
1-1: Foul Ball, location: 2F
1-2: Foul Ball, location: 2F
1-2: Fly out, F7 (Line Drive, 7, EV 109.4 MPH)
Batting: LHB Steve Macko 0-0: Called Strike
0-1: Foul Ball, location: 2F
0-2: Strikes out swinging
Bottom of the 10th over - 0 runs, 0 hits, 0 errors, 0 left on base; Appleton 6 - Wisconsin Rapids 6
TOP OF THE 11TH
Appleton Foxes batting - Pitching for Wisconsin Rapids Timber Rattlers : RHP Garry Grafton
Pitching: LHP Andres Acosta
Now in LF: Jeff Kenaga
Pinch Hitting: RHB Jack Upton 0-0: Ground out 5-3 (Groundball, 56S, EV 66.3 MPH)
Pinch Hitting: RHB Walter Steele 0-0: Called Strike
0-1: Ball
1-1: Ball
2-1: Ball
3-1: Foul Ball, location: 2F
3-2: SINGLE (Groundball, 6MD, EV 103.1 MPH) (infield hit)
Batting: RHB George Hinshaw 0-0: Called Strike
0-1: Foul Ball, location: 2F
0-2: SINGLE (Groundball, 56, EV 100.6 MPH) (infield hit)
Walter Steele to second
Pinch Hitting: RHB Elias Corona 0-0: Called Strike
0-1: Fly out, F4 (Flyball, 34D, EV 83.1 MPH)
Batting: RHB Douglas Lulay 0-0: Fly out, F3 (Popup, 34S, EV 76.3 MPH)
Top of the 11th over - 0 runs, 2 hits, 0 errors, 2 left on base; Appleton 6 - Wisconsin Rapids 6
BOTTOM OF THE 11TH
Wisconsin Rapids Timber Rattlers batting - Pitching for Appleton Foxes : RHP Carlos Garcia
Now at 1B: Jack Upton
Now in CF: Paul Cooper
Now in RF: Scott Loucks
Batting: RHB Charles Stafford 0-0: Called Strike
0-1: Ball
1-1: Foul Ball, location: 2F
1-2: Ball
2-2: Ball
3-2: Base on Balls
Batting: LHB Curtis Morgan 0-0: Ball
1-0: Called Strike
1-1: Called Strike
1-2: Grounds into double play, 6-4-3 (Groundball, 6M, EV 98.8 MPH)
Batting: RHB Guy Sularz 0-0: SINGLE (Line Drive, 9S, EV 91.9 MPH)
Batting: RHB Tom Howser 0-0: Ball
1-0: Ball
2-0: Ball
3-0: Called Strike
3-1: Foul Ball, location: 2F
3-2: Foul Ball, location: 2F
3-2: Ground out 5-3 (Groundball, 56S, EV 93.8 MPH)
Bottom of the 11th over - 0 runs, 1 hit, 0 errors, 1 left on base; Appleton 6 - Wisconsin Rapids 6
TOP OF THE 12TH
Appleton Foxes batting - Pitching for Wisconsin Rapids Timber Rattlers : LHP Andres Acosta
Batting: RHB Rick Stromer 0-0: Foul Ball, location: 2F
0-1: Ball
1-1: Swinging Strike
1-2: Foul Ball, location: 2F
1-2: Foul Ball, location: 2F
1-2: Strikes out swinging
Batting: SHB Matt Gallegos 0-0: Foul Ball, location: 2F
0-1: Foul Ball, location: 2F
0-2: Ball
1-2: Ball
2-2: Ground out 5-3 (Groundball, 56S, EV 83.1 MPH)
Batting: RHB Peter Rowe 0-0: Called Strike
0-1: Ball
1-1: Ball
2-1: Ground out 5-3 (Groundball, 56, EV 98.1 MPH)
Top of the 12th over - 0 runs, 0 hits, 0 errors, 0 left on base; Appleton 6 - Wisconsin Rapids 6
BOTTOM OF THE 12TH
Wisconsin Rapids Timber Rattlers batting - Pitching for Appleton Foxes : RHP Carlos Garcia
Pitching: RHP Kent Johnson
Batting: LHB Richard Berg 0-0: Foul Ball, location: 2F
0-1: Ground out 6-3 (Groundball, 6, EV 103.8 MPH)
Batting: RHB Vincent Bienek 0-0: Called Strike
0-1: Ball
1-1: Called Strike
1-2: Ball
2-2: Fly out, F7 (Flyball, 7S, EV 76.9 MPH)
Batting: LHB Jeff Kenaga 0-0: Ball
1-0: Called Strike
1-1: Called Strike
1-2: Foul Ball, location: 2F
1-2: Foul Ball, location: 2F
1-2: Fly out, F7 (Flyball, 78S, EV 91.9 MPH)
Bottom of the 12th over - 0 runs, 0 hits, 0 errors, 0 left on base; Appleton 6 - Wisconsin Rapids 6
TOP OF THE 13TH
Appleton Foxes batting - Pitching for Wisconsin Rapids Timber Rattlers : LHP Andres Acosta
Pitching: RHP Earl Weaver
Batting: RHB Thomas Norko 0-0: Ball
1-0: Ground out 5-3 (Groundball, 56, EV 84.4 MPH)
Batting: RHB Jack Upton 0-0: Ball
1-0: Ball
2-0: Foul Ball, location: 2F
2-1: Called Strike
2-2: Ball
3-2: Foul Ball, location: 2F
3-2: Foul Ball, location: 2F
3-2: Foul Ball, location: 2F
3-2: SINGLE (Groundball, 4MD, EV 100.0 MPH)
Batting: RHB Scott Loucks 0-0: Called Strike
0-1: Ball
1-1: Swinging Strike
1-2: Foul Ball, location: 2F
1-2: Ball
2-2: Fly out, F8 (Flyball, 8LD, EV 102.5 MPH)
Batting: RHB George Hinshaw 0-0: Called Strike
0-1: Ball
1-1: Called Strike
1-2: Foul Ball, location: 2F
1-2: Strikes out looking
Top of the 13th over - 0 runs, 1 hit, 0 errors, 1 left on base; Appleton 6 - Wisconsin Rapids 6
BOTTOM OF THE 13TH
Wisconsin Rapids Timber Rattlers batting - Pitching for Appleton Foxes : RHP Kent Johnson
Batting: LHB Jerry George 0-0: Ground out U3 (Groundball, 3L, EV 83.1 MPH)
Batting: LHB Steve Macko 0-0: Ball
1-0: Called Strike
1-1: Called Strike
1-2: Ball
2-2: Fly out, F7 (Flyball, 7S, EV 95.0 MPH)
Batting: RHB Charles Stafford 0-0: Foul Ball, location: 2F
0-1: Called Strike
0-2: Ball
1-2: Ball
2-2: Ball
3-2: Base on Balls
Batting: LHB Curtis Morgan 0-0: Ball
Charles Stafford steals 2nd base
1-0: Ball
2-0: Foul Ball, location: 2F
2-1: Ground out U3 (Groundball, 3S, EV 71.9 MPH)
Bottom of the 13th over - 0 runs, 0 hits, 0 errors, 1 left on base; Appleton 6 - Wisconsin Rapids 6
TOP OF THE 14TH
Appleton Foxes batting - Pitching for Wisconsin Rapids Timber Rattlers : RHP Earl Weaver
Batting: LHB Paul Cooper 0-0: Called Strike
0-1: Ball
1-1: Ground out 1-3 (Groundball, 13, EV 81.9 MPH)
Batting: RHB Douglas Lulay 0-0: Foul Ball, location: 2F
0-1: Fly out, F6 (Popup, 6MS, EV 83.1 MPH)
Batting: RHB Rick Stromer 0-0: Ball
1-0: Foul Ball, location: 2F
1-1: Ball
2-1: Called Strike
2-2: Foul Ball, location: 2F
2-2: Foul Ball, location: 2F
2-2: Ball
3-2: Strikes out swinging
Top of the 14th over - 0 runs, 0 hits, 0 errors, 0 left on base; Appleton 6 - Wisconsin Rapids 6
BOTTOM OF THE 14TH
Wisconsin Rapids Timber Rattlers batting - Pitching for Appleton Foxes : RHP Kent Johnson
Batting: RHB Guy Sularz 0-0: Foul Ball, location: 2F
0-1: Ball
1-1: Swinging Strike
1-2: Ball
2-2: Fly out, F7 (Flyball, 7, EV 94.4 MPH)
Batting: RHB Tom Howser 0-0: Ball
1-0: Swinging Strike
1-1: Foul Ball, location: 2F
1-2: Ball
2-2: Strikes out swinging
Batting: LHB Richard Berg 0-0: Ground out 4-3 (Groundball, 34D, EV 100.0 MPH)
Bottom of the 14th over - 0 runs, 0 hits, 0 errors, 0 left on base; Appleton 6 - Wisconsin Rapids 6
TOP OF THE 15TH
Appleton Foxes batting - Pitching for Wisconsin Rapids Timber Rattlers : RHP Earl Weaver
Batting: SHB Matt Gallegos 0-0: Ball
1-0: Swinging Strike
1-1: Ball
2-1: Fly out, F8 (Flyball, 8LD, EV 95.0 MPH)
Batting: RHB Peter Rowe 0-0: Ball
1-0: Ball
2-0: Ball
3-0: Called Strike
3-1: Foul Ball, location: 2F
3-2: Ground out 1-3 (Groundball, 34S, EV 71.9 MPH)
Batting: RHB Thomas Norko 0-0: Called Strike
0-1: SINGLE (Line Drive, 4M, EV 96.9 MPH)
Batting: RHB Jack Upton 0-0: Ball
Thomas Norko steals 2nd, throwing error, E2
Thomas Norko to third
1-0: Fly out, F4 (Popup, 4MD, EV 64.4 MPH)
Top of the 15th over - 0 runs, 1 hit, 1 error, 1 left on base; Appleton 6 - Wisconsin Rapids 6
BOTTOM OF THE 15TH
Wisconsin Rapids Timber Rattlers batting - Pitching for Appleton Foxes : RHP Kent Johnson
Pitching: RHP Arthur Diekmann
Batting: RHB Vincent Bienek 0-0: Ball
1-0: Ball
2-0: Called Strike
2-1: Swinging Strike
2-2: Ball
3-2: Strikes out looking
Batting: LHB Jeff Kenaga 0-0: SINGLE (Line Drive, 3D, EV 93.8 MPH)
Batting: LHB Jerry George 0-0: Called Strike
0-1: Ball
1-1: Called Strike
1-2: Strikes out swinging
Batting: LHB Steve Macko 0-0: Fly out, F8 (Flyball, 8RXD, EV 95.0 MPH)
Bottom of the 15th over - 0 runs, 1 hit, 0 errors, 1 left on base; Appleton 6 - Wisconsin Rapids 6
TOP OF THE 16TH
Appleton Foxes batting - Pitching for Wisconsin Rapids Timber Rattlers : RHP Earl Weaver
Batting: RHB Scott Loucks 0-0: SINGLE (Groundball, 6MD, EV 103.1 MPH)
Batting: RHB George Hinshaw 0-0: Called Strike
0-1: Ball
1-1: Ball
2-1: Ball
3-1: Called Strike
3-2: Base on Balls
Scott Loucks to second
Pitching: RHP Phillip Hinrichs
Batting: LHB Paul Cooper 0-0: Ball
1-0: Ball
2-0: Foul Ball, location: 2F
2-1: Fielders Choice at 2nd, 3-6 (Groundball, 3, EV 86.9 MPH)
Scott Loucks to third
Batting: RHB Douglas Lulay 0-0: Foul Ball, location: 2F
0-1: Foul Ball, location: 2F
0-2: Ball
1-2: Fly out, F9 (Flyball, 9LM, EV 96.9 MPH)
Runner from 3rd tags up, SCORES, throw by RF
Batting: RHB Rick Stromer 0-0: Called Strike
0-1: Swinging Strike
0-2: Ball
1-2: Foul Ball, location: 2F
1-2: Ball
2-2: Foul Ball, location: 2F
2-2: Foul Ball, location: 2F
2-2: Fly out, F7 (Flyball, 7, EV 86.9 MPH)
Top of the 16th over - 1 run, 1 hit, 0 errors, 1 left on base; Appleton 7 - Wisconsin Rapids 6
BOTTOM OF THE 16TH
Wisconsin Rapids Timber Rattlers batting - Pitching for Appleton Foxes : RHP Arthur Diekmann
Batting: RHB Charles Stafford 0-0: Ball
1-0: Ground out 4-3 (Groundball, 4, EV 90.0 MPH)
Batting: LHB Curtis Morgan 0-0: Called Strike
0-1: Ball
1-1: Ball
2-1: Reached on error, E4 (Groundball, 4, EV 110.6 MPH)
Batting: RHB Guy Sularz 0-0: Ball
1-0: Ball
2-0: Ball
3-0: Called Strike
3-1: Ground out 6-3 (Groundball, 6, EV 90.0 MPH)
Batting: RHB Tom Howser 0-0: Hit by Pitch
Pinch Runner at 2nd Tom Ginther:
Batting: LHB Richard Berg 0-0: Foul Ball, location: 2F
0-1: Called Strike
0-2: Fly out, F9 (Flyball, 9LM, EV 98.1 MPH)
Bottom of the 16th over - 0 runs, 0 hits, 1 error, 2 left on base; Appleton 7 - Wisconsin Rapids 6
Sunday, June 21st, 2020 - OOTP Baseball 21.4 Build 63